 Dungeon Crawl Stone Soup version 0.30-a0-778-g2ef04afb54 (webtiles) character file.

Game seed: 10595581125958093891

1589 jchaught the Reanimator (level 8, -2/54 HPs)
             Began as a Vampire Necromancer on Feb 16, 2023.
             Was an Initiate of Wu Jian.
             Slain by a troll (7 damage)
             ... on level 7 of the Dungeon.
             The game lasted 01:58:27 (10792 turns).

jchaught the Reanimator (Vampire Necromancer)      Turns: 10792, Time: 01:58:27

Health: -2/54      AC:  8    Str: 13    XL:     8   Next: 61%
Magic:  15/17      EV: 13    Int: 20    God:    Wu Jian [......]
Gold:   241        SH:  0    Dex: 14    Spells: 19/20 levels left

rFire   . . .      SeeInvis +    p - +4 dagger
rCold   . . .      Faith    .    (no shield)
rNeg    . . .      Spirit   .    a - +0 robe
rPois   .          Reflect  .    (no helmet)
rElec   .          Harm     .    e - +1 cloak
rCorr   .          Rampage  .    n - +0 pair of gloves
Will    .....                    w - +2 pair of boots
Stlth   +++                      (no amulet)
HPRegen 0.49/turn                g - +6 ring of strength
MPRegen 0.15/turn                m - ring of wizardry

@: healing quickly
A: alive, fangs 3, see invisible, vampiric 2
a: Exsanguinate, Renounce Religion


You were on level 7 of the Dungeon.
You worshipped Wu Jian.
Wu Jian was noncommittal.
You visited 1 branch of the dungeon, and saw 7 of its levels.

You collected 241 gold pieces.

Inventory:

Hand Weapons
 d - a +0 short sword
 p - a +4 dagger (weapon)
 y - a +4 war axe of electrocution
Armour
 a - a +0 robe (worn)
 e - a +1 cloak (worn)
 n - a +0 pair of gloves (worn)
 w - a +2 pair of boots (worn)
Magical Staves
 r - a staff of air
Jewellery
 g - a +6 ring of strength (left hand)
 k - a +6 ring of intelligence
 m - a ring of wizardry (right hand)
 o - a ring of flight
 t - a ring of protection from cold
Scrolls
 c - 5 scrolls of identify
 f - 3 scrolls of blinking
 h - 2 scrolls of poison
 i - 3 scrolls of teleportation
 j - a scroll of noise
 l - a scroll of fog {unknown}
 s - 2 scrolls of amnesia
 u - a scroll of vulnerability
 v - a scroll of enchant armour
 x - a scroll of immolation
Potions
 b - a potion of magic
 q - a potion of lignification {unknown}
 z - a potion of flight {unknown}


   Skills:
 + Level 1.6 Fighting
 + Level 2.5 Short Blades
 + Level 3.5 Dodging
 + Level 4.8 Stealth
 + Level 6.5 Spellcasting
 + Level 8.8 Necromancy


You had 19 spell levels left.
You knew the following spells:

 Your Spells              Type           Power      Damage    Failure   Level
a - Necrotise             Necr           100%       1d9       1%          1

Your spell library contained the following spells:

 Spells                   Type           Power      Damage    Failure   Level
 Vampiric Draining        Necr           41%        2d8       1%          3
 Animate Dead             Necr           41%        N/A       1%          4
 Agony                    Necr           41%        N/A       3%          5
 Magic Dart               Conj           24%        1d4       4%          1
 Shock                    Conj/Air       24%        1d4       4%          1
 Call Imp                 Summ           6%         N/A       6%          2
 Mephitic Cloud           Conj/Pois/Air  6%         N/A       12%         3
 Swiftness                Air            6%         N/A       12%         3
 Airstrike                Air            3%         2d(1-17)  36%         4


Dungeon Overview and Level Annotations

Branches:
Dungeon (7/15)             Temple (0/1) D:6

Altars:
Cheibriados
Trog
Wu Jian
Xom

Shops:
D:4 [

Portals:
Ossuary: D:7

Annotations:
D:5 Prince Ribbit
D:6 Menkaure


Innate Abilities, Weirdness & Mutations

Your natural rate of healing is accelerated.
You have razor-sharp teeth.
You have supernaturally acute eyesight. (SInv)
You are afflicted with vampirism and can become a bat while bloodless.


Message History

You now have 241 gold pieces (gained 12).
The troll shouts!
You hear an angry hiss.
You hear a shout!
You see here 9 gold pieces.
Casting: Necrotise (safe; 1% risk of failure)
Confirm with . or Enter, or press ? or * to list all spells.
Aiming: Necrotise (safe; 1% risk of failure)
Press: ? - help, Shift-Dir - straight line, f - troll
Aim: a troll (chance to affect: 83%)
The troll writhes in agony.
Casting: Necrotise (safe; 1% risk of failure)
Confirm with . or Enter, or press ? or * to list all spells.
You don't know that spell.
Unknown command.
Casting: Necrotise (safe; 1% risk of failure)
Confirm with . or Enter, or press ? or * to list all spells.
Aiming: Necrotise (safe; 1% risk of failure)
Press: ? - help, Shift-Dir - straight line, f/p - troll
Aim: a troll (lightly wounded, chance to affect: 83%)
The troll writhes in agony.
You closely miss the troll.
The troll is lightly wounded.
The troll bites you! The troll claws you! The troll closely misses you.
Casting: Necrotise (safe; 1% risk of failure)
Confirm with . or Enter, or press ? or * to list all spells.
Aiming: Necrotise (safe; 1% risk of failure)
Press: ? - help, Shift-Dir - straight line, f/p - troll
Aim: a troll (lightly wounded, chance to affect: 83%)
The troll writhes in agony!
The troll bites you! The troll claws you but does no damage.
The troll claws you. The troll attacks as you move away!
The troll bites you but does no damage. The troll barely misses you.
The troll claws you. The troll attacks as you move away!
The troll barely misses you. The troll claws you! The troll closely misses you.
The troll attacks as you move away! The troll bites you!
* * * LOW HITPOINT WARNING * * *
The troll barely misses you. The troll claws you.
* * * LOW HITPOINT WARNING * * *
There is a stone staircase leading down here.
The troll barely misses you. The troll claws you!
You die...

∩....# ....##.........
..#..# #...........## .##.#
#...#.......# ....#
#.........$#### ...##
#............# ##.#
#.....###.#..# #.#
#....†.......#
##.#########...#T###....#
#............#.#@##.....#
#.#..#####.#.#.#.##.....#
..##.# ##.#.#.#........#
...#.####..........#....#
...............)........#
'###....................#
...###..................#..
...#.....>.........#....#...
'##'....................#.#.


You could see a troll.

Vanquished Creatures
  2 steam dragons (D:6)
  A sky beast (D:7)
  A black bear (D:5)
  2 ice beasts (D:6)
  2 ogres
  A phantom (D:6)
  Blork the orc (D:4)
  A necrophage (D:6)
  2 jellies
  3 orc priests
  2 hounds
  3 iguanas (D:7)
  11 gnolls
  8 adders
  2 worms
  2 dart slugs (D:1)
  15 orcs
  11 endoplasms
  6 giant cockroaches
  9 goblins
  9 hobgoblins
  7 jackals
  9 kobolds
  2 quokkas
  4 ball pythons
  8 bats
  3 frilled lizards
  5 rats
132 creatures vanquished.

Vanquished Creatures (collateral kills)
  An orc (D:6)
1 creature vanquished.

Vanquished Creatures (others)
  13 fungi (D:6)
  7 plants (D:3)
20 creatures vanquished.

Grand Total: 153 creatures vanquished

Notes
Turn   | Place    | Note
-------+----------+-------------------------------------------
     0 | D:1      | jchaught the Vampire Necromancer began the quest for the
                  | Orb.
     0 | D:1      | Reached XP level 1. HP: 13/13 MP: 3/3
   466 | D:1      | Reached XP level 2. HP: 19/19 MP: 0/5
  1072 | D:1      | Reached skill level 5 in Necromancy
  1098 | D:1      | Gained mutation: You are afflicted with vampirism and can
                  | become a bat while bloodless. [Vampire growth]
  1098 | D:1      | Reached XP level 3. HP: 8/24 MP: 0/7
  3450 | D:2      | Reached XP level 4. HP: 30/30 MP: 8/8
  6332 | D:4      | Reached XP level 5. HP: 32/35 MP: 4/10
  7184 | D:4      | Noticed Blork the orc
  7198 | D:4      | Killed Blork the orc
  7199 | D:4      | Reached skill level 6 in Necromancy
  7199 | D:4      | Reached XP level 6. HP: 20/42 MP: 4/11
  7566 | D:4      | Found an ornate altar of the Wu Jian Council.
  7581 | D:4      | Became a worshipper of the Wu Jian Council
  7892 | D:4      | Found Asoa's Armour Shoppe.
  8046 | D:4      | Reached skill level 1 in Fighting
  8110 | D:5      | Entered Level 5 of the Dungeon
  8315 | D:5      | Found a shimmering altar of Xom.
  8447 | D:5      | Noticed Prince Ribbit
  8531 | D:6      | Found a staircase to the Ecumenical Temple.
  8541 | D:6      | Noticed an ice beast
  8595 | D:6      | Reached XP level 7. HP: 37/48 MP: 9/14
  8786 | D:6      | Noticed a wraith
  8799 | D:6      | Reached skill level 7 in Necromancy
  8913 | D:6      | Noticed a steam dragon
  8921 | D:6      | Killed a steam dragon
  8922 | D:6      | Reached skill level 1 in Short Blades
  8922 | D:6      | Reached skill level 5 in Spellcasting
  9162 | D:6      | Found a snail-covered altar of Cheibriados.
  9463 | D:6      | Reached XP level 8. HP: 54/54 MP: 11/16
  9713 | D:6      | Noticed Menkaure
  9970 | D:6      | Reached skill level 8 in Necromancy
 10596 | D:7      | Found a bloodstained altar of Trog.
 10712 | D:7      | Found a sand-covered staircase.
 10740 | D:7      | Noticed a troll
 10792 | D:7      | Slain by a troll

Illustrated notes

Levels and vault maps discovered:
D:1:      wander_arrival_estate, layout_loops_corners, grunt_decor_cap,
          minmay_pentomino_w4
D:2:      layout_basic, minmay_close_crescents
D:3:      layout_rooms, zin_statuary, nicolae_elyvilon_temple_path
D:4:      layout_cave_pools, nicolae_wu_jian_immortal_techniques,
          kennysheep_small_circle, uniq_blork_the_orc
D:5:      layout_gridville, overflow_temple_1_default, lemuel_doored_altar,
          serial_shops, nicolae_diamond_shop, uniq_prince_ribbit1
D:6:      kennysheep_steamy, layout_basic, nicolae_overflow_hidden_temple,
          slow_altar_1, minmay_temple_entry_wispy, uniq_menkaure
D:7:      layout_rooms, mainiacjoe_overflow_24_doors, jmf_multi_god_temple2,
          enter_bailey_3, nicolae_ossuary_entry_ruins, minmay_misc_feat_rugged,
          minmay_misc_feat_five

Skill      XL: |  1  2  3  4  5  6  7  8 |
---------------+-------------------------+-----
Necromancy     | 5 6 7 8 |  8.8
Spellcasting   | 3 4 5 6 |  6.5
Stealth        | 4 |  4.8
Fighting       | 1 |  1.6
Short Blades   | 1 2 |  2.5
Dodging        | 3 |  3.5

Action                     |  1- 3 |  4- 6 |  7- 9 || total
---------------------------+-------+-------+-------++-------
  Melee: Short sword       |    17 |       |       ||    17
         Dagger            |     5 |    43 |    38 ||    86
         Bite              |     1 |     6 |     4 ||    11
         Punch             |     1 |       |       ||     1
   Cast: Necrotise         |    63 |   134 |    85 ||   282
    Use: Potion            |     3 |     4 |     4 ||    11
         Scroll            |       |     8 |     4 ||    12
   Stab: Sleeping          |     3 |       |     1 ||     4
 Armour: Robe              |    14 |    20 |    21 ||    55
  Dodge: Dodged            |    29 |    43 |    49 ||   121

Table legend: (Time is in decaauts)
 A = Elapsed time spent in this place.
 B = Non-inter-level travel time spent in this place.
 C = Inter-level travel time spent in this place.
 D = Time resting spent in this place.
 E = Time spent auto-exploring this place.
 F = Levels seen in this place.
 G = Mean time per level.
                   A        B        C        D        E       F      G
               +--------+--------+--------+--------+--------+-----+--------+
         Total |  10750 |  10747 |      3 |   5459 |      3 |   7 | 1535.7 |
       Dungeon |  10750 |  10747 |      3 |   5459 |      3 |   7 | 1535.7 |
               +--------+--------+--------+--------+--------+-----+--------+

Top non-repeatable levels by time:
     D:2: 2622 daAuts
     D:4: 2201 daAuts
     D:6: 1812 daAuts
     D:1: 1758 daAuts
     D:3: 1650 daAuts
     D:7: 489 daAuts
     D:5: 215 daAuts
